 Dungeon Crawl Stone Soup version 0.28.0-43-g3370ac3207 (webtiles) character file.

Game seed: 12306772134407413942

205 crimpus the Covered (level 5, -8/45 HPs)
             Began as a Demigod Fighter on Mar 15, 2022.
             Blown up by Ijyb (13 damage)
             ... with a mindburst bolt
             ... on level 3 of the Dungeon.
             The game lasted 00:02:05 (2924 turns).

crimpus the Covered (Demigod Fighter)               Turns: 2924, Time: 00:02:06

Health: -8/45      AC:  8    Str: 21    XL:     5   Next: 27%
Magic:  7/7        EV:  9    Int: 10    God:
Gold:   80         SH:  4    Dex: 13    Spells: 4/4 levels left

rFire   . . .      SeeInvis .   a - +0 flail
rCold   . . .      Faith    .   c - +0 buckler
rNeg    . . .      Spirit   .   b - +0 scale mail
rPois   .          Reflect  .   d - +0 helmet
rElec   .          Harm     .   (no cloak)
rCorr   .          Rampage  .   (no gloves)
Will    .....                   (no boots)
Stlth   ..........              (no amulet)
HPRegen 0.15/turn               (no ring)
MPRegen 0.10/turn               (no ring)

@: no status effects
A: high MP 1, forlorn, divine attributes
a: no special abilities


You were on level 3 of the Dungeon.
You visited 1 branch of the dungeon, and saw 3 of its levels.

You collected 80 gold pieces.

Inventory:

Hand Weapons
 a - a +0 flail (weapon)
Armour
 b - a +0 scale mail (worn)
 c - a +0 buckler (worn)
 d - a +0 helmet (worn)
Jewellery
 e - a ring of fire
Scrolls
 f - a scroll of magic mapping


   Skills:
 + Level 3.2 Fighting
 + Level 3.3 Maces & Flails
 + Level 3.9 Armour
 + Level 3.0 Shields
 * Level 1.6 Unarmed Combat


You had 4 spell levels left.
You didn't know any spells.
Your spell library was empty.

Dungeon Overview and Level Annotations

Branches:
Dungeon (3/15)

Annotations:
D:3 1 runed translucent door, Crazy Yiuf, Ijyb


Innate Abilities, Weirdness & Mutations

You have an increased reservoir of magic. (+10% MP)
You shall have no god before yourself.
Your divine heritage dramatically boosts your attributes as you level up.


Message History

Ijyb screams, "Me very upset!"
Ijyb hits you with a +0 club.
You hit Ijyb.
Ijyb is moderately wounded.
Ijyb zaps a wand.
Your mind is blasted!
You hit Ijyb.
Ijyb is heavily wounded.
Ijyb zaps a wand.
Your mind is blasted!
* * * LOW HITPOINT WARNING * * *
Ijyb zaps a wand.
Your mind is blasted!
* * * LOW HITPOINT WARNING * * *
You are too injured to fight recklessly!
You are too injured to fight recklessly!
You are too injured to fight recklessly!
You are too injured to fight recklessly!
You are too injured to fight recklessly!
You are too injured to fight recklessly!
You are too injured to fight recklessly!
You are too injured to fight recklessly!
You are too injured to fight recklessly!
You are too injured to fight recklessly!
You are too injured to fight recklessly!
You are too injured to fight recklessly!
You are too injured to fight recklessly!
You are too injured to fight recklessly!
You closely miss Ijyb.
Ijyb is heavily wounded.
Ijyb screams, "Level is mine!
All mine!"
You block Ijyb's attack.
You barely miss Ijyb.
Ijyb is heavily wounded.
Ijyb hits you with a +0 club.
* * * LOW HITPOINT WARNING * * *
You hit Ijyb but do no damage.
Ijyb is heavily wounded.
Ijyb hits you but does no damage.
You hit Ijyb but do no damage.
Ijyb is heavily wounded.
Ijyb zaps a wand.
Your mind is blasted!
You die...

. #. ## ##.
⌠.# ##.###
#.# #..#.##
#.# #.#.⌠.##
⌠.#
#..#.#.###.#
##.####.#.#
##.##.⌠@#
#.##.#g#
...#....
#.....##...
####### ...#
.## . ##


You could see Ijyb.

Vanquished Creatures
  An ogre (D:2)
  6 adders
  5 worms
  A dart slug (D:1)
  4 ball pythons (D:1)
  4 endoplasms
  A giant cockroach (D:2)
  4 hobgoblins
  3 jackals (D:2)
  3 kobolds (D:1)
  3 quokkas
  6 bats
  3 frilled lizards
  4 goblins
  6 rats (D:1)
54 creatures vanquished.

Notes
Turn   | Place    | Note
-------+----------+-------------------------------------------
     0 | D:1      | crimpus the Demigod Fighter began the quest for the Orb.
     0 | D:1      | Reached XP level 1. HP: 18/18 MP: 3/3
   285 | D:1      | Reached XP level 2. HP: 24/25 MP: 4/4
  1233 | D:2      | Reached XP level 3. HP: 28/30 MP: 5/5
  1305 | D:2      | Reached skill level 1 in Unarmed Combat
  1982 | D:2      | Noticed an ogre
  1988 | D:2      | Killed an ogre
  1989 | D:2      | Reached XP level 4. HP: 14/38 MP: 6/6
  2405 | D:2      | Reached XP level 5. HP: 45/45 MP: 7/7
  2902 | D:3      | Found a runed translucent door.
  2903 | D:3      | Noticed Crazy Yiuf
  2912 | D:3      | Noticed Ijyb
  2924 | D:3      | Blown up by Ijyb

Illustrated notes

Levels and vault maps discovered:
D:1:      dpeg_arrival_lava_temple_mockup, layout_basic, minmay_misc_feat_chi
D:2:      layout_loops_ring, nicolae_wormholes
D:3:      layout_loops_ring, lemuel_tele_altar, grunt_decor_mini_mirrors,
          minmay_rat_hole, uniq_ijyb, uniq_crazy_yiuf_cottage, uniq_robin

Skill      XL: |  1  2  3  4  5 |
---------------+----------------+-----
Armour         | 3 |  3.9
Maces & Flails | 2 3 |  3.3
Unarmed Combat | 1 |  1.6
Fighting       | 3 |  3.2
Shields        | 3 |  3.0

Action                   |  1- 3 |  4- 6 || total
-------------------------+-------+-------++-------
Melee: Flail             |   137 |    50 ||   187
  Use: Potion            |     3 |       ||     3
       Scroll            |       |     2 ||     2
Armor: Scale mail        |    75 |    24 ||    99
Dodge: Dodged            |    69 |    16 ||    85
Block: Buckler           |    36 |    13 ||    49
